MAA
SAN BERNARDINO GRASSHOPPERS @ ST. ALBERT PRODIGY
09/23/2019
 
TOP OF THE 1ST
San Bernardino Grasshoppers batting - Pitching for St. Albert Prodigy : RHP John Ashley
Pitching: RHP John Ashley
Batting: RHB Alfonso Enríquez 0-0: Called Strike
0-1: Ball
1-1: Bunt missed!
1-2: Ground out 6-3 (Groundball, 6)
Batting: LHB Jesús Reyes 0-0: Called Strike
0-1: SINGLE (Line Drive, 78S)
Batting: RHB Shawn Hicks 0-0: Called Strike
Jesús Reyes steals 2nd base
0-1: Foul Ball, location: 2F
0-2: Fly out, F7 (Flyball, 7LMF)
Batting: RHB Reggie Kahn 0-0: Ball
1-0: Ball
2-0: Ball
3-0: Base on Balls
Batting: SHB Joreăo Canosa 0-0: Called Strike
0-1: Ball
1-1: Fly out, F7 (Flyball, 78D)
Top of the 1st over - 0 run(s), 1 hit(s), 0 error(s), 2 left on base; San Bernardino 0 - St. Albert 0
BOTTOM OF THE 1ST
St. Albert Prodigy batting - Pitching for San Bernardino Grasshoppers : LHP Phil Frost
Pitching: LHP Phil Frost
Batting: RHB Anthony Trujillo 0-0: Called Strike
0-1: Called Strike
0-2: Strikes out looking
Batting: SHB Ryan Cook 0-0: Ball
1-0: Foul Ball, location: 2F
1-1: Ball
2-1: Ball
3-1: Called Strike
3-2: Base on Balls
Batting: RHB Bruce Reiser 0-0: Ball
1-0: Called Strike
1-1: Ball
2-1: Fly out, F7 (Flyball, 7LDF)
Batting: RHB Harrison Blackford 0-0: Ball
1-0: Ball
2-0: Called Strike
2-1: Ball
3-1: Foul Ball, location: 2F
3-2: Fly out, F6 (Popup, 4MS)
Bottom of the 1st over - 0 run(s), 0 hit(s), 0 error(s), 1 left on base; San Bernardino 0 - St. Albert 0
TOP OF THE 2ND
San Bernardino Grasshoppers batting - Pitching for St. Albert Prodigy : RHP John Ashley
Batting: RHB Sergio Ortíz 0-0: Called Strike
0-1: Ball
1-1: Foul Ball, location: 2F
1-2: Ball
2-2: SINGLE (Flyball, 9LS)
Batting: RHB Mike Alford 0-0: Swinging Strike
0-1: Ball
1-1: SINGLE (Line Drive, 9LS)
Sergio Ortíz to second
Batting: RHB José Paz 0-0: Called Strike
0-1: Ball
1-1: Ball
2-1: 3-RUN HOME RUN (Flyball, 7LD), Distance : 350 ft
Batting: RHB Dale O'Sullivan 0-0: Ball
1-0: Ground out 6-3 (Groundball, 4MS)
Batting: RHB Alfonso Enríquez 0-0: SINGLE (Groundball, 6MD)
Batting: LHB Jesús Reyes 0-0: Called Strike
0-1: Ball
1-1: Ball
2-1: Called Strike
2-2: Foul Ball, location: 2F
2-2: Foul Ball, location: 2F
2-2: Fly out, F7 (Flyball, 7M)
Batting: RHB Shawn Hicks 0-0: Ball
1-0: Foul Ball, location: 2F
1-1: SINGLE (Popup, 34D)
Alfonso Enríquez to second
Runner from 2nd tries for 3rd, SAFE, no throw or cutoff
Batting: RHB Reggie Kahn 0-0: Called Strike
0-1: SINGLE (Groundball, 6MD)
Alfonso Enríquez scores
Shawn Hicks to second
Batting: SHB Joreăo Canosa 0-0: Ball
1-0: Called Strike
1-1: Ball
2-1: Called Strike
2-2: Ground out 6-3 (Groundball, 6S)
Top of the 2nd over - 4 run(s), 6 hit(s), 0 error(s), 2 left on base; San Bernardino 4 - St. Albert 0
BOTTOM OF THE 2ND
St. Albert Prodigy batting - Pitching for San Bernardino Grasshoppers : LHP Phil Frost
Batting: SHB Monte Adams 0-0: Swinging Strike
0-1: Ball
1-1: Ball
2-1: Swinging Strike
2-2: Ball
3-2: Strikes out swinging
Batting: LHB Abel Kelly 0-0: Ball
1-0: Swinging Strike
1-1: Foul Ball, location: 2F
1-2: Ball
2-2: Foul Ball, location: 2F
2-2: Foul Ball, location: 2F
2-2: Ball
3-2: Foul Ball, location: 2F
3-2: Foul Ball, location: 2F
3-2: Base on Balls
Batting: RHB Clarence Neal 0-0: Hit by Pitch
Abel Kelly to second
Batting: LHB António Pineda 0-0: Ball
1-0: Called Strike
1-1: SINGLE (Line Drive, 78S)
Abel Kelly to third
Clarence Neal to second
Batting: RHB Frank Walker 0-0: Ball
1-0: Ball
2-0: Called Strike
2-1: Fly out, F8 (Flyball, 8RXD)
Runner from 3rd tags up, SCORES, no throw
Batting: RHB Anthony Trujillo 0-0: Foul Ball, location: 2F
0-1: Ball
1-1: Ball
2-1: Foul Ball, location: 2F
2-2: Ball
3-2: Foul Ball, location: 2F
3-2: SINGLE (Flyball, 78M)
Clarence Neal to third
António Pineda to second
Clarence Neal scores
António Pineda to third
Batting: SHB Ryan Cook 0-0: Ball
1-0: Ball
2-0: Foul Ball, location: 2F
2-1: Called Strike
2-2: Foul Ball, location: 2F
2-2: Ball
3-2: Fly out, F7 (Flyball, 78M)
Bottom of the 2nd over - 2 run(s), 2 hit(s), 0 error(s), 2 left on base; San Bernardino 4 - St. Albert 2
TOP OF THE 3RD
San Bernardino Grasshoppers batting - Pitching for St. Albert Prodigy : RHP John Ashley
Batting: RHB Sergio Ortíz 0-0: Called Strike
0-1: Ball
1-1: Ball
2-1: Foul Ball, location: 2F
2-2: Ground out 4-3 (Groundball, 4)
Batting: RHB Mike Alford 0-0: Ball
1-0: Ball
2-0: Ball
3-0: Foul Ball, location: 2F
3-1: Foul Ball, location: 2F
3-2: Strikes out swinging
Batting: RHB José Paz 0-0: Ball
1-0: Foul Ball, location: 2F
1-1: Called Strike
1-2: Ground out 5-3 (Groundball, 56)
Top of the 3rd over - 0 run(s), 0 hit(s), 0 error(s), 0 left on base; San Bernardino 4 - St. Albert 2
BOTTOM OF THE 3RD
St. Albert Prodigy batting - Pitching for San Bernardino Grasshoppers : LHP Phil Frost
Batting: RHB Bruce Reiser 0-0: Ground out 4-3 (Groundball, 4)
Batting: RHB Harrison Blackford 0-0: Foul Ball, location: 2F
0-1: Ball
1-1: Ball
2-1: Fly out, F7 (Flyball, 78M)
Batting: SHB Monte Adams 0-0: Reached on error, E6 (Groundball, 6)
Batting: LHB Abel Kelly 0-0: Called Strike
0-1: Ball
1-1: Ball
2-1: Ground out 3-1 (Groundball, 23)
Bottom of the 3rd over - 0 run(s), 0 hit(s), 1 error(s), 1 left on base; San Bernardino 4 - St. Albert 2
TOP OF THE 4TH
San Bernardino Grasshoppers batting - Pitching for St. Albert Prodigy : RHP John Ashley
Batting: RHB Dale O'Sullivan 0-0: Ball
1-0: Called Strike
1-1: SINGLE (Line Drive, 9LM)
Batting: RHB Alfonso Enríquez 0-0: Foul Ball, location: 2F
0-1: Ball
1-1: Foul Ball, location: 2F
1-2: Ball
2-2: SINGLE (Groundball, 56)
Dale O'Sullivan to second
Batting: LHB Jesús Reyes 0-0: Fly out, F6 (Popup, 4MS)
Batting: RHB Shawn Hicks 0-0: Fly out, F7 (Line Drive, 7M)
Batting: RHB Reggie Kahn Single, Error in OF, E8, batter to second base
Dale O'Sullivan scores
Alfonso Enríquez to third
Batting: SHB Joreăo Canosa 0-0: Foul Ball, location: 2F
0-1: Fly out, F6 (Popup, 6MS)
Top of the 4th over - 1 run(s), 3 hit(s), 1 error(s), 2 left on base; San Bernardino 5 - St. Albert 2
BOTTOM OF THE 4TH
St. Albert Prodigy batting - Pitching for San Bernardino Grasshoppers : LHP Phil Frost
Batting: RHB Clarence Neal 0-0: Called Strike
0-1: Hit by Pitch
Batting: LHB António Pineda 0-0: Ball
1-0: Fly out, F9 (Flyball, 9LM)
Batting: RHB Frank Walker 0-0: Ball
1-0: Ball
2-0: Swinging Strike
2-1: Swinging Strike
2-2: Ball
Wild Pitch!
Clarence Neal to second
3-2: Fly out, F9 (Flyball, 89M)
Batting: RHB Anthony Trujillo 0-0: DOUBLE (Line Drive, 7LM)
Clarence Neal scores
Batting: SHB Ryan Cook 0-0: Ball
1-0: Ball
2-0: Foul Ball, location: 2F
2-1: Foul Ball, location: 2F
2-2: Strikes out swinging
Bottom of the 4th over - 1 run(s), 1 hit(s), 0 error(s), 1 left on base; San Bernardino 5 - St. Albert 3
TOP OF THE 5TH
San Bernardino Grasshoppers batting - Pitching for St. Albert Prodigy : RHP John Ashley
Batting: RHB Sergio Ortíz 0-0: Called Strike
0-1: Ball
1-1: SINGLE (Line Drive, 3D)
Batting: RHB Mike Alford 0-0: Called Strike
0-1: Ball
1-1: Swinging Strike
1-2: Ball
2-2: SINGLE (Groundball, 34D) (infield hit)
Sergio Ortíz to second
Batting: RHB José Paz 0-0: Ball
1-0: Ball
2-0: Ball
3-0: Called Strike
3-1: Base on Balls
Sergio Ortíz to third
Mike Alford to second
Batting: RHB Dale O'Sullivan 0-0: Ball
1-0: Ball
2-0: Ball
3-0: Foul Ball, location: 2F
3-1: Base on Balls
Sergio Ortíz scores
Mike Alford to third
José Paz to second
Pitching: RHP Emory Bryant
Batting: RHB Alfonso Enríquez 0-0: Called Strike
0-1: Ball
1-1: Ball
2-1: Ball
3-1: Foul Ball, location: 2F
3-2: SINGLE (Groundball, 6MD)
Mike Alford scores
José Paz to third
Dale O'Sullivan to second
Runner from 3rd tries for Home, SAFE, no throw or cutoff
Batting: LHB Jesús Reyes 0-0: Foul Ball, location: 2F
0-1: Called Strike
0-2: Strikes out swinging
Batting: RHB Shawn Hicks 0-0: Ball
1-0: Called Strike
1-1: Swinging Strike
1-2: Foul Ball, location: 2F
1-2: Hit by Pitch
Dale O'Sullivan to third
Alfonso Enríquez to second
Batting: RHB Reggie Kahn 0-0: Foul Ball, location: 2F
0-1: SINGLE (Line Drive, 78S)
Dale O'Sullivan scores
Alfonso Enríquez to third
Shawn Hicks to second
Batting: SHB Joreăo Canosa 0-0: Ball
1-0: Ball
2-0: Called Strike
2-1: Fly out, F5 (Popup, 5F)
Batting: RHB Sergio Ortíz 0-0: Ball
1-0: Fielders Choice at 2nd, U6 (Groundball, 6M)
Top of the 5th over - 4 run(s), 4 hit(s), 0 error(s), 3 left on base; San Bernardino 9 - St. Albert 3
BOTTOM OF THE 5TH
St. Albert Prodigy batting - Pitching for San Bernardino Grasshoppers : LHP Phil Frost
Batting: RHB Bruce Reiser 0-0: Called Strike
0-1: Ball
1-1: Ball
2-1: Fly out, F7 (Line Drive, 78M)
Batting: RHB Harrison Blackford 0-0: Ball
1-0: Ball
2-0: SINGLE (Groundball, 4MD)
Batting: SHB Monte Adams 0-0: Called Strike
0-1: Foul Ball, location: 2F
0-2: Ball
1-2: Strikes out swinging
Batting: LHB Abel Kelly 0-0: Called Strike
0-1: Fly out, F8 (Flyball, 8LM)
Bottom of the 5th over - 0 run(s), 1 hit(s), 0 error(s), 1 left on base; San Bernardino 9 - St. Albert 3
TOP OF THE 6TH
San Bernardino Grasshoppers batting - Pitching for St. Albert Prodigy : RHP Emory Bryant
Batting: RHB Mike Alford 0-0: Ball
1-0: Swinging Strike
1-1: Called Strike
1-2: Foul Ball, location: 2F
1-2: Strikes out looking
Batting: RHB José Paz 0-0: Ball
1-0: Ball
2-0: Swinging Strike
2-1: Ground out 5-3 (Groundball, 56S)
Batting: RHB Dale O'Sullivan 0-0: Called Strike
0-1: Ball
1-1: Foul Ball, location: 2F
1-2: Strikes out swinging
Top of the 6th over - 0 run(s), 0 hit(s), 0 error(s), 0 left on base; San Bernardino 9 - St. Albert 3
BOTTOM OF THE 6TH
St. Albert Prodigy batting - Pitching for San Bernardino Grasshoppers : LHP Phil Frost
Batting: RHB Clarence Neal 0-0: Called Strike
0-1: Swinging Strike
0-2: Strikes out swinging
Batting: LHB António Pineda 0-0: Reached on error, E5 (Groundball, 5S)
Pitching: RHP Nate Arredondo
Batting: RHB Frank Walker 0-0: Called Strike
0-1: Fly out, F5 (Popup, 25F)
Batting: RHB Anthony Trujillo 0-0: Ball
1-0: Called Strike
1-1: Foul Ball, location: 2F
1-2: Ball
2-2: Foul Ball, location: 2F
2-2: Foul Ball, location: 2F
2-2: Fly out, F9 (Line Drive, 89M)
Bottom of the 6th over - 0 run(s), 0 hit(s), 1 error(s), 1 left on base; San Bernardino 9 - St. Albert 3
TOP OF THE 7TH
San Bernardino Grasshoppers batting - Pitching for St. Albert Prodigy : RHP Emory Bryant
Pitching: LHP Manuel Ortíz
Batting: RHB Alfonso Enríquez 0-0: Ball
1-0: Called Strike
1-1: Ball
2-1: Foul Ball, location: 2F
2-2: Ground out 5-3 (Groundball, 5)
Batting: LHB Jesús Reyes 0-0: Called Strike
0-1: Foul Ball, location: 2F
0-2: Ball
1-2: Foul Ball, location: 2F
1-2: Ball
2-2: Ball
3-2: Fly out, F7 (Flyball, 7M)
Batting: RHB Shawn Hicks 0-0: Ball
1-0: Ball
2-0: Called Strike
2-1: Ball
3-1: Base on Balls
Batting: RHB Reggie Kahn 0-0: Called Strike
0-1: Fielders Choice at 2nd, U6 (Groundball, 6M)
Top of the 7th over - 0 run(s), 0 hit(s), 0 error(s), 1 left on base; San Bernardino 9 - St. Albert 3
BOTTOM OF THE 7TH
St. Albert Prodigy batting - Pitching for San Bernardino Grasshoppers : RHP Nate Arredondo
Batting: SHB Ryan Cook 0-0: Foul Ball, location: 2F
0-1: Swinging Strike
0-2: Ball
1-2: Strikes out swinging
Batting: RHB Bruce Reiser 0-0: Called Strike
0-1: Foul Ball, location: 2F
0-2: Strikes out looking
Batting: RHB Harrison Blackford 0-0: Ball
1-0: Ball
2-0: Ground out 4-3 (Groundball, 4)
Bottom of the 7th over - 0 run(s), 0 hit(s), 0 error(s), 0 left on base; San Bernardino 9 - St. Albert 3
TOP OF THE 8TH
San Bernardino Grasshoppers batting - Pitching for St. Albert Prodigy : LHP Manuel Ortíz
Batting: SHB Joreăo Canosa 0-0: SINGLE (Line Drive, 56D)
Batting: RHB Sergio Ortíz 0-0: Called Strike
0-1: Fly out, F6 (Popup, 6MD)
Batting: RHB Mike Alford 0-0: Foul Ball, location: 2F
0-1: Ball
1-1: Swinging Strike
1-2: Strikes out swinging
Batting: RHB José Paz 0-0: Ball
1-0: Ground out 6-3 (Groundball, 56)
Top of the 8th over - 0 run(s), 1 hit(s), 0 error(s), 1 left on base; San Bernardino 9 - St. Albert 3
BOTTOM OF THE 8TH
St. Albert Prodigy batting - Pitching for San Bernardino Grasshoppers : RHP Nate Arredondo
Batting: SHB Monte Adams 0-0: Foul Ball, location: 2F
0-1: Ball
1-1: Foul Ball, location: 2F
1-2: Hit by Pitch
Batting: LHB Abel Kelly 0-0: Ball
1-0: Swinging Strike
1-1: Called Strike
1-2: Strikes out swinging
Pitching: RHP César Rivera
Batting: RHB Clarence Neal 0-0: Called Strike
0-1: Ball
1-1: Ball
2-1: Ball
3-1: Base on Balls
Monte Adams to second
Batting: LHB António Pineda 0-0: SINGLE (Groundball, 5D)
Monte Adams to third
Clarence Neal to second
Runner from 3rd tries for Home, throw and OUT!
Batting: RHB Frank Walker 0-0: Called Strike
0-1: Swinging Strike
0-2: Strikes out looking
Bottom of the 8th over - 0 run(s), 1 hit(s), 0 error(s), 2 left on base; San Bernardino 9 - St. Albert 3
TOP OF THE 9TH
San Bernardino Grasshoppers batting - Pitching for St. Albert Prodigy : LHP Manuel Ortíz
Batting: RHB Dale O'Sullivan 0-0: Foul Ball, location: 2F
0-1: SINGLE (Groundball, 34D)
Batting: RHB Alfonso Enríquez 0-0: Called Strike
0-1: Swinging Strike
0-2: Strikes out swinging
Batting: LHB Jesús Reyes 0-0: Swinging Strike
0-1: SINGLE (Groundball, 56D)
Dale O'Sullivan to second
Batting: RHB Shawn Hicks 0-0: Called Strike
0-1: Foul Ball, location: 2F
0-2: Ball
1-2: Ball
2-2: Foul Ball, location: 2F
2-2: SINGLE (Groundball, 56D)
Dale O'Sullivan to third
Jesús Reyes to second
Batting: RHB Reggie Kahn 0-0: Called Strike
0-1: Swinging Strike
0-2: Foul Ball, location: 2F
0-2: Foul Ball, location: 2F
0-2: Ball
1-2: Ball
2-2: Foul Ball, location: 2F
2-2: Foul Ball, location: 2F
2-2: Ball
3-2: SINGLE (Line Drive, 4MD)
Dale O'Sullivan scores
Jesús Reyes to third
Shawn Hicks to second
Pitching: RHP Cal Pierce
Batting: SHB Joreăo Canosa 0-0: Foul Ball, location: 2F
0-1: Ball
1-1: Called Strike
1-2: Ball
2-2: Fly out, F8 (Flyball, 89XD)
Runner from 3rd tags up, SCORES, no throw
Shawn Hicks to third
Batting: RHB Sergio Ortíz 0-0: Ball
1-0: Swinging Strike
1-1: Ball
2-1: Ball
3-1: DOUBLE (Line Drive, 9LS)
Shawn Hicks scores
Reggie Kahn to third
Batting: RHB Mike Alford 0-0: Ball
1-0: Foul Ball, location: 2F
1-1: Fly out, F8 (Line Drive, 78D)
Top of the 9th over - 3 run(s), 5 hit(s), 0 error(s), 2 left on base; San Bernardino 12 - St. Albert 3
BOTTOM OF THE 9TH
St. Albert Prodigy batting - Pitching for San Bernardino Grasshoppers : RHP César Rivera
Batting: RHB Anthony Trujillo 0-0: Called Strike
0-1: Called Strike
0-2: Ball
1-2: Foul Ball, location: 2F
1-2: Ball
2-2: Strikes out swinging
Batting: SHB Ryan Cook 0-0: Swinging Strike
0-1: Ball
1-1: Swinging Strike
1-2: Strikes out swinging
Batting: RHB Bruce Reiser 0-0: Called Strike
0-1: Foul Ball, location: 2F
0-2: Ball
1-2: Foul Ball, location: 2F
1-2: Ground out 4-3 (Groundball, 4M)
Bottom of the 9th over - 0 run(s), 0 hit(s), 0 error(s), 0 left on base; San Bernardino 12 - St. Albert 3
This league is powered by Out of the Park Baseball, the baseball management simulation game for PC, Mac and Linux
Saturday, July 25th, 2015 - OOTP Baseball 15.6 Build 34